 Dungeon Crawl Stone Soup version 0.31-a0-859-g9dce7d3444 (webtiles) character file.

Game seed: 4947221265102804183

4624 wvc the Destroyer (level 10, -7/50 HPs)
             Began as a Gargoyle Fire Elementalist on Oct 9, 2023.
             Was an Elder of Sif Muna.
             Mangled by a red devil
             ... wielding a +0 trident
              (11 damage)
             ... on level 10 of the Dungeon.
             The game lasted 00:35:53 (10692 turns).

wvc the Destroyer (Gargoyle Fire Elementalist)     Turns: 10692, Time: 00:35:55

Health: -7/50      AC: 17    Str: 12    XL:     10   Next: 42%
Magic:  30/30      EV: 11    Int: 20    God:    Sif Muna [****..]
Gold:   230        SH:  0    Dex: 14    Spells: 14/24 levels left

rFire   . . .        a - +6 shillelagh "Devastator" {shatter}
rCold   . . .        (no shield)
rNeg    + . .        F - +3 leather armour of the Villain {rCorr Dex+4}
rPois   ∞            s - +2 helmet
rElec   +            J - scarf {shadows}
rCorr   +            (no gloves)
SInv    .            i - +0 pair of boots
Will    .....        (no amulet)
Stlth   ++           c - ring of magical power
HPRegen 0.28/turn    (no ring)
MPRegen 0.22/turn

%: no passive effects
@: spiked
A: sickness immunity, AC +7, negative energy resistance 1, electricity
resistance, torment resistance 1, petrification resistance
a: Renounce Religion, Channel Magic, Forget Spell, Divine Exegesis


You were on level 10 of the Dungeon.
You worshipped Sif Muna.
Sif Muna was greatly pleased with you.
You visited 2 branches of the dungeon, and saw 11 of its levels.
You also visited: Sewer.

You collected 502 gold pieces.
You spent 272 gold pieces at shops.

Inventory:

Hand Weapons
 a - the +6 shillelagh "Devastator" (weapon) {shatter}
   (You found it on level 7 of the Dungeon)
 d - a +5 mace of chaos
 r - a +5 long sword
 E - a +3 dagger of venom
Missiles
 v - 6 atropa-tipped darts
 w - 2 throwing nets
 y - 6 poisoned darts
Armour
 i - a +0 pair of boots (worn)
 s - a +2 helmet (worn)
 z - +0 steam dragon scales
 F - the +3 leather armour of the Villain (worn) {rCorr Dex+4}
   (You found it on level 9 of the Dungeon)

   Dex+4:     It affects your dexterity (+4).
   rCorr:     It protects you from acid and corrosion.
 J - a scarf of shadows (worn)
Magical Staves
 b - a staff of conjuration
Jewellery
 c - a ring of magical power (left hand)
Talismans
 f - a flux talisman
 j - a blade talisman
 k - a serpent talisman
Wands
 e - a wand of mindburst (12)
 g - a wand of polymorph (7)
 l - a wand of iceblast (7)
 m - a wand of charming (23)
 D - a wand of digging (2)
Scrolls
 o - 3 scrolls of fear
 p - 2 scrolls of poison
 t - 3 scrolls of vulnerability
 u - a scroll of enchant armour
 G - 3 scrolls of amnesia
 L - a scroll of blinking
Potions
 h - a potion of lignification
 n - 6 potions of enlightenment
 q - 3 potions of magic
 x - 2 potions of invisibility {unknown}
 A - 3 potions of curing
 C - 2 potions of ambrosia
 H - 2 potions of might {unknown}
 I - a potion of haste


   Skills:
 - Level 1.1 Maces & Flails
 - Level 1.5 Dodging
 - Level 2.1 Stealth
 + Level 7.7 Spellcasting
 - Level 10.0 Conjurations
 + Level 9.2 Fire Magic


You had 14 spell levels left.
You knew the following spells:

 Your Spells              Type           Power      Damage    Failure   Level
a - Foxfire               Conj/Fire      100%       2x1d9     1%          1
b - Scorch                Fire           88%        2d8       1%          2
c - Volatile Blastmotes   Fire/Tloc      52%        2d14      4%          3
d - Flame Wave            Conj/Fire      46%        2d12      2%          4

Your spell library contained the following spells:

 Spells                   Type           Power      Damage    Failure   Level
 Inner Flame              Hex/Fire       26%        N/A       4%          3
 Fulminant Prism          Conj/Hex       13%        3d9       14%         4
 Iskenderun's Mystic Bla  Conj/Tloc      27%        2d7       14%         4


Dungeon Overview and Level Annotations

Branches:
Dungeon (10/15)            Temple (1/1) D:4           Sewer (visited)
   Lair: D:8-11         Orc: D:9-12

Altars:
Ashenzari
Cheibriados
Dithmenos
Elyvilon
Fedhas
Gozag
Hepliaklqana
Kikubaaqudgha
Makhleb
Nemelex Xobeh
Okawaru
Qazlal
Ru
Sif Muna
Trog
Uskayaw
Vehumet
Wu Jian
Xom
Zin
The Shining One

Shops:
D:4 *   D:8 *   D:9 [[

Annotations:
D:5 exclusion: wyvern
D:7 exclusion: troll
D:8 exclusion: hornet
D:10 Amaemon


Innate Abilities, Weirdness & Mutations

You are immune to sickness and miasma.
Your stone body is resilient. (AC +7)
You are immune to poison.
You resist negative energy. (rN+)
You are resistant to electric shocks. (rElec)
You are resistant to unholy torment.
You are immune to petrification.


Message History

You completely miss the red devil.
The red devil is moderately wounded.
The red devil hits you but does no damage.
You hit the red devil.
The red devil shudders.
The red devil is moderately wounded.
The red devil hits you but does no damage.
The red devil hits you with a +0 trident.
Barbed spikes become lodged in your body.
You hit the red devil.
The red devil shudders.
The red devil is heavily wounded.
The red devil hits you with a +0 trident!
Barbed spikes become lodged in your body.
You barely miss the red devil.
The red devil is heavily wounded.
The red devil hits you with a +0 trident.
Barbed spikes become lodged in your body.
You closely miss the red devil.
The red devil is heavily wounded.
The red devil hits you with a +0 trident.
Barbed spikes become lodged in your body.
The red devil hits you with a +0 trident.
Barbed spikes become lodged in your body.
You hit the red devil.
The red devil shudders.
The red devil is heavily wounded.
The red devil hits you with a +0 trident.
Barbed spikes become lodged in your body.
You barely miss the red devil.
The red devil is heavily wounded.
The red devil hits you but does no damage.
You hit the red devil.
The red devil shudders.
The red devil is severely wounded.
The red devil hits you with a +0 trident!
Barbed spikes become lodged in your body.
You sock the red devil!
The red devil shudders.
The red devil is almost dead. x2
The red devil hits you with a +0 trident!
* * * LOW HITPOINT WARNING * * *
Barbed spikes become lodged in your body.
The red devil hits you with a +0 trident!
You die...

..............#
..............#
..............#
..............#
..............#
..............#
.........<....#
..........@...#
..##......4...#
#. #.....##...#
.. #.....##...#
.. ..
#.....##...# ...
.6
#..#..##...##...
#
#..#..##......4.
# #..#.........
# #........#.#.


You could see a red devil.

Vanquished Creatures
  2 kobold demonologists (D:8)
  A hellwing (D:10)
  Sigmund (D:2)
  3 wyverns (D:9)
  A steam dragon (D:8)
  2 water moccasins
  2 ice beasts
  2 orc warriors
  A black bear (D:6)
  An ogre (D:6)
  A centaur (D:9)
  4 bullfrogs
  4 scorpions
  12 wights
  5 killer bees (D:9)
  3 howler monkeys (D:8)
  2 jellies (D:6)
  2 orc priests
  4 hounds
  2 sleepcaps
  An iguana (D:7)
  Ijyb (D:3)
  4 orc wizards
  Robin (D:4)
  4 gnolls
  11 river rats
  14 adders
  A shadow imp (D:7)
  A white imp (D:7)
  2 ufetubi
  7 worms
  2 dart slugs
  22 orcs
  7 ball pythons
  12 bats
  2 endoplasms
  6 giant cockroaches
  9 hobgoblins
  9 jackals
  6 quokkas
  5 frilled lizards
  10 goblins
  13 kobolds
  11 rats
216 creatures vanquished.

Vanquished Creatures (others)
  434 foxfires
434 creatures vanquished.

Grand Total: 650 creatures vanquished

Notes
Turn   | Place    | Note
-------+----------+-------------------------------------------
     0 | D:1      | wvc the Gargoyle Fire Elementalist began the quest for the
                  | Orb.
     0 | D:1      | Reached XP level 1. HP: 10/10 MP: 3/3
   160 | D:1      | Reached XP level 2. HP: 15/15 MP: 3/5
   708 | D:2      | Reached XP level 3. HP: 19/19 MP: 2/6
   833 | D:2      | Noticed Sigmund
   876 | D:2      | Found a faded altar of an unknown god.
  1042 | D:2      | Reached skill level 2 in Conjurations
  1719 | D:2      | Killed Sigmund
  1720 | D:2      | Reached skill level 5 in Fire Magic
  1720 | D:2      | Reached XP level 4. HP: 17/24 MP: 0/8
  1720 | D:2      | Reached XP level 5. HP: 20/28 MP: 0/9
  1800 | D:3      | Found a bloodstained altar of Trog.
  1818 | D:3      | Reached skill level 3 in Conjurations
  1851 | D:2      | Reached XP level 6. HP: 28/32 MP: 5/10
  1927 | D:3      | Found a glowing silver altar of Zin.
  2054 | D:3      | Found a shimmering blue altar of Sif Muna.
  2067 | D:3      | Became a worshipper of Sif Muna the Loreminder
  2076 | D:3      | Noticed Ijyb
  2123 | D:3      | Killed Ijyb
  2138 | D:3      | Learned a level 2 spell: Scorch
  2142 | D:3      | Learned a level 3 spell: Volatile Blastmotes
  2147 | D:3      | Learned a level 4 spell: Flame Wave
  2492 | D:3      | Found an opulent altar of Gozag.
  2752 | D:4      | Found a burning altar of Makhleb.
  2832 | D:4      | Found Rareyll's General Store.
  2950 | D:4      | Noticed Robin
  2967 | D:4      | Killed Robin
  2968 | D:4      | Reached * piety under Sif Muna
  3143 | D:4      | Reached skill level 4 in Conjurations
  3143 | D:4      | Reached XP level 7. HP: 31/36 MP: 12/12
  3459 | D:4      | Found a staircase to the Ecumenical Temple.
  3472 | Temple   | Entered the Ecumenical Temple
  3510 | D:5      | Entered Level 5 of the Dungeon
  3579 | D:5      | Noticed a wyvern
  3828 | D:5      | Found a glowing drain.
  3833 | Sewer    | Entered a sewer
  4092 | Sewer    | Reached ** piety under Sif Muna
  4833 | D:5      | Reached skill level 5 in Conjurations
  4833 | D:5      | Reached XP level 8. HP: 36/41 MP: 14/14
  5287 | D:5      | Reached *** piety under Sif Muna
  5361 | D:5      | Reached skill level 6 in Conjurations
  5685 | D:6      | Reached skill level 5 in Spellcasting
  5767 | D:6      | Found a shimmering altar of Xom.
  6144 | D:6      | Reached skill level 7 in Conjurations
  6286 | D:6      | Reached XP level 9. HP: 45/45 MP: 14/17
  6572 | D:7      | Noticed a troll
  6629 | D:7      | Found the +6 shillelagh "Devastator" {shatter}
  7339 | D:8      | Noticed a kobold demonologist
  7339 | D:8      | Noticed a kobold demonologist
  7344 | D:8      | Killed a kobold demonologist
  7345 | D:8      | Reached skill level 8 in Conjurations
  7349 | D:8      | Killed a kobold demonologist
  7655 | D:8      | Noticed a hornet
  7857 | D:8      | Found a blossoming altar of Fedhas.
  7921 | D:8      | Found Xicoy's Assorted Antiques.
  7959 | D:8      | Reached skill level 1 in Maces & Flails
  8014 | D:8      | Reached skill level 9 in Conjurations
  8391 | D:9      | Noticed a +0 falchion
  8392 | D:9      | Identified the +3 leather armour of the Villain {rCorr
                  | Dex+4}
  8392 | D:9      | Noticed a +0 short sword
  8593 | D:9      | Reached XP level 10. HP: 32/50 MP: 16/20
  8808 | D:9      | Found a hazy altar of Hepliaklqana.
  8894 | D:9      | Noticed a +0 spear
  8895 | D:9      | Noticed a +0 dagger
  8948 | D:9      | Noticed a +0 short sword
  8967 | D:9      | Noticed a +0 falchion
  8968 | D:9      | Noticed a +0 spear
  8968 | D:9      | Noticed a +0 dagger
  9042 | D:9      | Found Jasiops's Antique Armour Boutique.
  9050 | D:9      | Bought an embroidered scarf for 272 gold pieces
  9067 | D:9      | Found a hide-covered altar of Uskayaw.
  9094 | D:9      | Found a stormy altar of Qazlal.
  9127 | D:9      | Reached **** piety under Sif Muna
  9699 | D:9      | Found Digouwuo's Antique Armour Emporium.
  9717 | D:9      | Reached skill level 10 in Conjurations
  9856 | D:10     | Entered Level 10 of the Dungeon
  9862 | D:10     | Noticed Amaemon
 10018 | D:10     | Found a shadowy altar of Dithmenos.
 10440 | D:10     | Noticed a rust devil
 10692 | D:10     | Mangled by a red devil

Illustrated notes

Levels and vault maps discovered:
D:1:      tarquinn_simple_flora_water_b, layout_basic
D:2:      wander_river, layout_basic, shapermc_ecumenical_altar_notcrosses,
          uniq_sigmund
D:3:      layout_loops_ring, mainiacjoe_overflow_alcove_2,
          mainiacjoe_overflow_small_starburst,
          chequers_temple_overflow_statue_of_worship, uniq_ijyb
D:4:      layout_basic, mainiacjoe_overflow_24_doors,
          minmay_temple_entry_overgrown, serial_shops, nicolae_shop_waterfront,
          uniq_robin
D:5:      layout_rooms, lightli_sewer_entry_pipes, serial_aquarium,
          aquarium_bridge_square [aquarium_subvault_bridge,
          aquarium_subvault_bridge, aquarium_subvault_balcony,
          aquarium_subvault_bridge], aquarium_bridge_square
          [aquarium_subvault_bridge, aquarium_subvault_wall,
          aquarium_subvault_window, aquarium_subvault_balcony],
          aquarium_window_corridor_3, aquarium_window_1, aquarium_window_1,
          aquarium_window_1, aquarium_view_2f, aquarium_balcony_double_3,
          hangedman_abyss_or_decor_stagger, st_stairs_2, nicolae_tricolors
D:6:      layout_rooms, nicolae_overflow_hidden_temple
D:7:      layout_loops_cross
D:8:      layout_loops_cross, fedhas_altar_3, serial_shops, shop,
          minmay_manual_macuahuitl
D:9:      layout_stronghold, grunt_qazlal_sundering, nzn_hepliaklqana_mist_gate,
          nicolae_uskayaw_en_pointe, serial_shops, kennysheep_little_box, shop
D:10:     layout_long_grid, grunt_dithmenos_smoke,
          mainiacjoe_overflow_boulevard, dpeg_lair_monsters,
          minmay_orc_entry_guard_dogs, serial_glass, glass_columns_a,
          glass_columns_a, nicolae_where_there's_smoke, uniq_amaemon
Temple:   hellmonk_temple_beads

Skill      XL: |  1  2  3  4  5  6  7  8  9 10 |
---------------+-------------------------------+-----
Conjurations   | 2 3 4 5 7 9 10 | 10.0
Fire Magic     | 5 6 7 8 9 |  9.2
Spellcasting   | 3 4 5 6 7 |  7.7
Maces & Flails | 1 |  1.1
Dodging        | |  1.5
Stealth        | |  2.1

Action                     |  1- 3 |  4- 6 |  7- 9 | 10-12 || total
---------------------------+-------+-------+-------+-------++-------
  Melee: Short sword       |     6 |       |       |       ||     6
         Unarmed           |     2 |       |       |       ||     2
         Dagger            |    46 |   111 |   225 |     5 ||   387
         Punch             |     1 |       |     3 |       ||     4
         Staff             |       |       |     5 |    25 ||    30
         Shillelagh        |       |       |    31 |    14 ||    45
   Cast: Foxfire           |    29 |    15 |   129 |    81 ||   254
         Flame Wave        |       |       |     2 |     2 ||     4
         Volatile Blastmot |       |       |     2 |     1 ||     3
         Scorch            |       |       |       |     2 ||     2
 Invoke: Channel Magic     |       |     1 |       |       ||     1
    Use: Potion            |     4 |       |     3 |     3 ||    10
         Scroll            |       |     7 |     8 |     1 ||    16
   Stab: Sleeping          |     5 |     2 |     1 |       ||     8
 Armour: Robe              |    31 |    79 |   211 |       ||   321
         Skin              |     8 |       |       |       ||     8
         Leather armour    |       |       |    20 |   128 ||   148
         Steam dragon scal |       |       |     7 |       ||     7
  Dodge: Dodged            |    27 |    47 |   229 |    59 ||   362

Table legend: (Time is in decaauts)
 A = Elapsed time spent in this place.
 B = Non-inter-level travel time spent in this place.
 C = Inter-level travel time spent in this place.
 D = Time resting spent in this place.
 E = Time spent auto-exploring this place.
 F = Levels seen in this place.
 G = Mean time per level.
                   A        B        C        D        E       F      G
               +--------+--------+--------+--------+--------+-----+--------+
         Total |  10904 |  10511 |    393 |   1534 |   6658 |  12 |  908.7 |
       Dungeon |  10021 |   9628 |    393 |   1440 |   6123 |  10 | 1002.1 |
        Temple |      1 |      1 |      0 |      0 |      0 |   1 |    1.0 |
         Sewer |    880 |    880 |      0 |     94 |    535 |   1 |  880.0 |
               +--------+--------+--------+--------+--------+-----+--------+

Top non-repeatable levels by time:
     D:9: 1908 daAuts
     D:5: 1249 daAuts
     D:2: 1236 daAuts
     D:8: 1126 daAuts
     D:6: 1038 daAuts
   Sewer: 880 daAuts
     D:4: 867 daAuts
     D:7: 865 daAuts
     D:3: 817 daAuts
     D:1: 612 daAuts
    D:10: 299 daAuts
  Temple: 1 daAuts
